[Event "Asian Academies Hybrid Chess-ch 2021"]
[Site "Tornelo"]
[Date "2021.11.21"]
[Round "6.3"]
[White "Alizadeh, Amirmohammad"]
[Black "Galiakbarov, Aldiyar"]
[Result "1/2-1/2"]
[ECO "B45"]
[WhiteElo "1792"]
[BlackElo "1141"]
[Annotator "NA RC"]
[PlyCount "116"]
[EventDate "2021.11.21"]
[EventCountry "NET"]
[SourceTitle "playchess.com"]
[Source "ChessBase"]
[SourceQuality "1"]
[TimeControl "3600+30"]

1. e4 c5 2. Nf3 e6 3. d4 cxd4 4. Nxd4 Nf6 5. Nc3 Nc6 6. Ndb5 Bb4 7. a3 Bxc3+ 8. Nxc3 d5 9. exd5 exd5 10. Bd3 d4 11. Ne2 O-O 12. O-O h6 13. Bf4 Bg4 14. Qd2 Re8 15. Rad1 Qb6 16. b3 Bxe2 17. Bxe2 Ne4 18. Qd3 Nc5 19. Qb5 Ne4 20. Rde1 Nc3 21. Qxb6 Nxe2+ 22. Rxe2 axb6 23. Rxe8+ Rxe8 24. Rd1 b5 25. Kf1 f5 26. Re1 Rxe1+ 27. Kxe1 Kf7 28. Kd2 Ke6 29. Kd3 Kd5 30. h4 h5 31. f3 Nd8 32. g3 Ne6 33. Bc1 Nc5+ 34. Kd2 g6 35. Ke2 d3+ 36. cxd3 Nxb3 37. Bb2 Nc5 38. Ke3 Ne6 39. Bc3 Nc5 40. Bb4 Ne6 41. Bc3 Nc5 42. Bb2 Ne6 43. Bf6 Nf8 44. g4 Ne6 45. gxh5 gxh5 46. Kd2 Nd4 47. Ke3 Ne6 48. Be7 f4+ 49. Ke2 Nd4+ 50. Kf2 Ne6 51. Ke2 Nd4+ 52. Kf2 Ke5 53. Bd8 Ne6 54. Bb6 Nd4 55. Bc7+ Kf5 56. Bb6 Ke5 57. Bc7+ Kf5 58. Bb6 Ke5 1/2-1/2

[Event "Asian Academies Hybrid Chess-ch 2021"]
[Site "Tornelo"]
[Date "2021.11.21"]
[Round "6.3"]
[White "Gholizadeh, Parya"]
[Black "Omarova, Aisha"]
[Result "1-0"]
[ECO "A47"]
[WhiteElo "1256"]
[BlackElo "1012"]
[Annotator "NA RC"]
[PlyCount "77"]
[EventDate "2021.11.21"]
[EventCountry "NET"]
[SourceTitle "playchess.com"]
[Source "ChessBase"]
[SourceQuality "1"]
[TimeControl "3600+30"]

1. d4 e6 2. Nf3 c5 3. e3 Nc6 4. c3 Nf6 5. Bd3 b6 6. Nbd2 Bb7 7. Nf1 d6 8. Ng3 e5 9. Qa4 Qc7 10. O-O O-O-O 11. Ba6 Na5 12. Bxb7+ Qxb7 13. dxe5 dxe5 14. Nxe5 Bd6 15. Nc4 Bxg3 16. hxg3 Nc6 17. Na3 h5 18. b4 h4 19. bxc5 h3 20. cxb6 axb6 21. e4 h2+ 22. Kh1 Ne5 23. Bf4 Nd3 24. Qc4+ Nc5 25. e5 Nfe4 26. f3 Nd2 27. Bxd2 Rxd2 28. Nb5 Kb8 29. Qf4 Rb2 30. e6+ Ka8 31. Nc7+ Ka7 32. exf7 Nd7 33. Qa4+ Kb8 34. Qxd7 Qxc7 35. Qe8+ Rxe8 36. fxe8=Q+ Ka7 37. Rfe1 Qxg3 38. Re7+ Ka6 39. Qa4# 1-0

[Event "Asian Academies Hybrid Chess-ch 2021"]
[Site "Tornelo"]
[Date "2021.11.21"]
[Round "6.3"]
[White "Naimanov, Galymzhan"]
[Black "Mohammadi, Mohamad Amin"]
[Result "0-1"]
[ECO "D35"]
[WhiteElo "1256"]
[BlackElo "1855"]
[Annotator "NA RC"]
[PlyCount "130"]
[EventDate "2021.11.21"]
[EventCountry "NET"]
[SourceTitle "playchess.com"]
[Source "ChessBase"]
[SourceQuality "1"]
[TimeControl "3600+30"]

1. d4 Nf6 2. c4 e6 3. Nc3 d5 4. Bg5 Be7 5. cxd5 exd5 6. e3 c6 7. Bd3 Nbd7 8. Nge2 h6 {[%emt 0:06:26] 8...Nf8 is the modern continuation.} 9. Bh4 Ne4 10. Bxe7 Qxe7 11. Bxe4 dxe4 {[%emt 0:00:04] [#]} 12. Ng3 $1 Nf6 13. Qc2 O-O 14. Ngxe4 ({But not} 14. Ncxe4 $6 Nxe4 15. Nxe4 Bf5 $15) 14... Bf5 15. Nxf6+ Qxf6 16. Qd2 Qg6 17. O-O Bh3 18. f3 Rfe8 {[%emt 0:01:02] [#]} 19. Rfe1 $146 ({Predecessor:} 19. Kh1 Be6 20. e4 Bc4 21. Rfd1 Rad8 22. Qf2 Qg5 23. Rac1 Qa5 24. h3 Re7 25. Rd2 Red7 26. Rcd1 b5 {½-½ (26) Borodkin,Y-Piven,V (1851) Krasnodar 2010}) 19... Rad8 20. Qf2 Be6 21. Rad1 f5 22. Ne2 ({White should play} 22. h3 $16) 22... Bxa2 23. Ra1 Qf7 24. Nc3 Bc4 25. Ra3 b6 26. f4 Rd7 27. Nb1 Qe7 28. Nd2 Bd5 29. Rea1 a5 30. Nf3 Bxf3 31. Qxf3 {[%emt 0:00:08] [#]} c5 $1 32. d5 {[%emt 0:03:01] [#]} (32. Ra4 $142) 32... Qe4 ({Black should play} 32... c4 $1 $19 33. Qe2 Qe4) 33. Qxe4 fxe4 (33... Rxe4 $17 34. Rd1 Kf7) 34. Rb3 Rd6 35. Kf2 Kf7 36. g4 Ke7 37. Ra4 (37. Kg3 $11 {keeps the balance.}) 37... Kd7 38. Kg3 Kc7 39. f5 (39. Rc3 $142) 39... Rxd5 40. Kf4 Rd3 41. Rc3 Rd2 42. Rxe4 Rf2+ 43. Kg3 Rxe4 44. Kxf2 Rxg4 45. Kf3 Rb4 46. Rc2 Kd6 47. e4 Ke5 48. Re2 Rb3+ 49. Kg4 Rb4 $2 (49... a4 $19 50. Kh5 Rb4) 50. Kf3 a4 51. h4 b5 52. Rc2 Rc4 53. Re2 Rd4 54. Rc2 c4 55. Rg2 Rd3+ 56. Ke2 Kxe4 57. Rxg7 Kxf5 58. Rg2 Rh3 59. Rg8 Rh2+ 60. Kd1 Rxb2 61. Kc1 c3 62. Rb8 b4 63. Ra8 a3 64. h5 a2 65. Ra5+ Kg4 0-1

[Event "Asian Academies Hybrid Chess-ch 2021"]
[Site "Tornelo"]
[Date "2021.11.21"]
[Round "6.4"]
[White "Amarathunga, Kosala Sandeepa Cham"]
[Black "Babaei, Amir Hossein"]
[Result "0-1"]
[ECO "B19"]
[WhiteElo "1353"]
[BlackElo "1286"]
[Annotator "NA RC"]
[PlyCount "114"]
[EventDate "2021.11.21"]
[EventCountry "NET"]
[SourceTitle "playchess.com"]
[Source "ChessBase"]
[SourceQuality "1"]
[TimeControl "3600+30"]

1. e4 c6 2. d4 d5 3. Nc3 dxe4 4. Nxe4 Bf5 5. Ng3 Bg6 6. h4 h6 7. Nf3 Nd7 8. Bd3 Bxd3 9. Qxd3 Qc7 10. Bd2 O-O-O 11. O-O-O e6 12. Rhe1 Kb8 13. Kb1 a6 14. Qb3 Ngf6 15. c4 Be7 16. Bc3 Ng4 17. Qc2 Rhe8 18. c5 g6 19. Ne4 Qf4 20. Rd3 Ndf6 21. Nxf6 Bxf6 22. g3 Qf5 23. Re2 e5 24. Ne1 exd4 25. Bd2 Rxe2 26. Bf4+ Qxf4 27. Qxe2 Qxf2 28. Qxg4 Qxe1+ 29. Rd1 Qe5 30. Rd3 Re8 31. a3 Qf5 32. Qd1 Re3 33. Kc2 Qxd3+ 34. Qxd3 Rxd3 35. Kxd3 Kc7 36. b4 Kd7 37. Ke4 Ke6 38. a4 h5 39. a5 Be5 40. Kf3 Kd5 41. g4 d3 42. gxh5 gxh5 43. Ke3 Kc4 44. Ke4 d2 45. Kxe5 d1=Q 46. Kf6 Qf3+ 47. Ke7 Qd3 48. Kxf7 Qd4 49. Ke7 Kxb4 50. Kf7 Qxh4 51. Ke8 Qd4 52. Kf7 h4 53. Ke6 h3 54. Kf5 h2 55. Kg6 Qf2 56. Kg5 h1=R 57. Kg6 Rg1+ 0-1

[Event "Asian Academies Hybrid Chess-ch 2021"]
[Site "Tornelo"]
[Date "2021.11.21"]
[Round "6.4"]
[White "Gholizadeh, Romina"]
[Black "Indrajith, J A K N T"]
[Result "0-1"]
[ECO "A85"]
[WhiteElo "1254"]
[BlackElo "1359"]
[Annotator "NA RC"]
[PlyCount "152"]
[EventDate "2021.11.21"]
[EventCountry "NET"]
[SourceTitle "playchess.com"]
[Source "ChessBase"]
[SourceQuality "1"]
[TimeControl "3600+30"]

1. d4 d5 2. Nf3 e6 3. e3 Bd6 4. Bd3 f5 5. Ne5 Nf6 6. O-O O-O 7. c4 c6 8. Nc3 Nbd7 9. f4 Ne4 10. Qb3 Ndf6 11. Qd1 Bd7 12. Bd2 Be8 13. Rc1 Bh5 14. Be2 Bxe2 15. Qxe2 Bxe5 16. fxe5 Nxd2 17. Qxd2 Ng4 18. h3 Nh6 19. cxd5 exd5 20. Na4 Nf7 21. Rxf5 Ng5 22. Rxf8+ Qxf8 23. Rf1 Qe7 24. Nc5 b6 25. Nd3 Ne4 26. Qc2 Qg5 27. Rf3 Qg6 28. Nf4 Qh6 29. e6 Ng5 30. Rf1 Rc8 31. Qf5 Re8 32. e7 Qf6 33. Qxf6 gxf6 34. Nh5 Rxe7 35. Nxf6+ Kg7 36. Ng4 Ne4 37. Ne5 c5 38. Rd1 Ng3 39. Kf2 Nf5 40. g4 Nd6 41. Ke2 cxd4 42. exd4 Nc4 43. Kf3 Nxb2 44. Rd2 Nc4 45. Nxc4 dxc4 46. Rc2 b5 47. a4 a6 48. axb5 axb5 49. d5 Kf6 50. Kf4 Rd7 51. Ke4 Rc7 52. d6 Rc8 53. Kd5 c3 54. d7 Rd8 55. Kc6 b4 56. Kc7 Rxd7+ 57. Kxd7 Ke5 58. Kc6 Kd4 59. Kb5 b3 60. Rc1 b2 61. Rb1 c2 62. Rxb2 c1=Q 63. Rb4+ Ke5 64. h4 Qf1+ 65. Kc5 Qf2+ 66. Kc6 Qxh4 67. Rb5+ Kf4 68. Rb4+ Kg5 69. Rb5+ Kg6 70. g5 Qxg5 71. Rxg5+ Kxg5 72. Kd5 h5 73. Ke4 Kg4 74. Ke3 Kg3 75. Ke2 Kg2 76. Ke3 h4 0-1

[Event "Asian Academies Hybrid Chess-ch 2021"]
[Site "Tornelo"]
[Date "2021.11.21"]
[Round "6.4"]
[White "Newansa, M Esandi"]
[Black "Dashtpeima, Helia"]
[Result "0-1"]
[ECO "D00"]
[WhiteElo "1121"]
[BlackElo "1278"]
[Annotator "NA RC"]
[PlyCount "116"]
[EventDate "2021.11.21"]
[EventCountry "NET"]
[SourceTitle "playchess.com"]
[Source "ChessBase"]
[SourceQuality "1"]
[TimeControl "3600+30"]

1. d4 d5 2. Bf4 Nf6 3. e3 e6 4. c3 Bd6 5. Bg3 O-O 6. Nd2 Re8 7. Ngf3 Nbd7 8. Bd3 e5 9. dxe5 Nxe5 10. Nxe5 Bxe5 11. Qc2 h6 12. Nf3 Bd6 13. O-O c6 14. Rad1 Bg4 15. Be2 Bxg3 16. hxg3 Rc8 17. Qa4 a6 18. c4 b5 19. Qxa6 bxc4 20. Bxc4 Ra8 21. Qb7 Qd6 22. Qb6 Ne4 23. Bb3 Reb8 24. Qd4 Rb4 25. Qd3 Bxf3 26. gxf3 Nxg3 27. Rfe1 Rh4 28. f4 Nh5 29. Qf5 g6 30. Qe5 Qd7 31. Qe4 Qh3 32. Qg2 Rg4 33. Qxg4 Qxg4+ 34. Kf1 Qf3 35. Kg1 Nf6 36. Rc1 Ne4 37. Rc2 h5 38. Kh2 Nxf2 39. Rd2 h4 40. Rxf2 Qxf2+ 41. Kh1 Qxe1+ 42. Kh2 Qxe3 43. Kg2 Qxf4 44. Kg1 Qc1+ 45. Kh2 Qxb2+ 46. Kg1 d4 47. Kf1 d3 48. Kg1 d2 49. Kf1 Rxa2 50. Bd1 Ra1 51. Ke2 Rxd1 52. Kxd1 Qc1+ 53. Ke2 d1=Q+ 54. Kf2 Qcc2+ 55. Ke3 Qdd3+ 56. Kf4 Qcc4+ 57. Kg5 Qf5+ 58. Kh6 Qc1# 0-1

[Event "Asian Academies Hybrid Chess-ch 2021"]
[Site "Tornelo"]
[Date "2021.11.21"]
[Round "7.1"]
[White "Dashtpeima, Helia"]
[Black "Shadat, Kibria Ayaan"]
[Result "1-0"]
[ECO "D00"]
[WhiteElo "1278"]
[BlackElo "1623"]
[Annotator "NA RC"]
[PlyCount "75"]
[EventDate "2021.11.21"]
[EventCountry "NET"]
[SourceTitle "playchess.com"]
[Source "ChessBase"]
[SourceQuality "1"]
[TimeControl "3600+30"]

1. d4 d5 2. Nf3 Nf6 3. e3 e6 4. Bd3 Bd6 5. Ne5 O-O 6. Nd2 c5 7. c3 Nc6 8. f4 cxd4 9. exd4 Ne7 10. O-O Ng6 11. Qf3 Nd7 12. Qg3 Qh4 13. Qe3 Re8 14. Ndf3 Qe7 15. Ng5 f5 16. Nxg6 hxg6 17. Re1 Nf6 18. Bb5 Bd7 19. Bxd7 Qxd7 20. Qh3 b5 21. a3 a5 22. Bd2 Rac8 23. g3 Rb8 24. Re2 Rb6 25. Rae1 Bb8 26. Qh4 Rc6 27. Kg2 Bc7 28. Be3 Bd8 29. Qh3 Kf8 30. Qh8+ Ng8 31. Nf3 Bf6 32. g4 fxg4 33. Ne5 Bxe5 34. fxe5 Kf7 35. Rf1+ Ke7 36. Bg5+ Nf6 37. Bxf6+ gxf6 38. Qxf6# 1-0

[Event "Asian Academies Hybrid Chess-ch 2021"]
[Site "Tornelo"]
[Date "2021.11.21"]
[Round "7.2"]
[White "Indrajith, J A K N T"]
[Black "Mohammadi, Maryam"]
[Result "0-1"]
[ECO "D05"]
[WhiteElo "1359"]
[BlackElo "1163"]
[Annotator "NA RC"]
[PlyCount "102"]
[EventDate "2021.11.21"]
[EventCountry "NET"]
[SourceTitle "playchess.com"]
[Source "ChessBase"]
[SourceQuality "1"]
[TimeControl "3600+30"]

1. d4 d5 2. e3 Nf6 3. Nf3 e6 4. Bd3 c5 5. c3 Bd6 6. Nbd2 Nc6 7. O-O O-O 8. Qe2 c4 9. Bc2 Be7 10. e4 Ng4 11. h3 Nf6 12. Re1 Qc7 13. e5 Nd7 14. Nf1 b5 15. Bg5 f5 16. exf6 Nxf6 17. Bxf6 Bxf6 18. Ng3 a5 19. Nh5 Bd8 20. Qe3 g6 21. Ng3 Qf4 22. Qxf4 Rxf4 23. Re2 Bc7 24. Rae1 Bd7 25. Ng5 Nd8 26. Nf1 Kg7 27. Ne3 Nf7 28. g3 Nxg5 29. gxf4 Nf3+ 30. Kg2 Nxe1+ 31. Rxe1 Bxf4 32. Nxd5 Bc6 33. Be4 Bxd5 34. Bxd5 exd5 35. Kf3 Rf8 36. Kg2 Bd6 37. Re6 Rf6 38. Re8 b4 39. Ra8 bxc3 40. bxc3 Bf4 41. Rxa5 Rf5 42. Ra8 Bd2 43. Ra3 Bc1 44. Ra7+ Kh6 45. a4 Bb2 46. f3 Bxc3 47. a5 Rg5+ 48. Kf1 Bxd4 49. Rd7 c3 50. Ke2 Rg2+ 51. Kd3 Rd2# 0-1

[Event "Asian Academies Hybrid Chess-ch 2021"]
[Site "Tornelo"]
[Date "2021.11.21"]
[Round "7.4"]
[White "Khaled waleed Abdullah"]
[Black "Zaeef Maheen, Chowdhury"]
[Result "1-0"]
[ECO "B33"]
[WhiteElo "1568"]
[BlackElo "1417"]
[Annotator "NA RC"]
[PlyCount "49"]
[EventDate "2021.11.21"]
[EventCountry "NET"]
[SourceTitle "playchess.com"]
[Source "ChessBase"]
[SourceQuality "1"]
[TimeControl "3600+30"]

1. e4 c5 2. Nf3 Nc6 3. d4 cxd4 4. Nxd4 Nf6 5. Nc3 e5 6. Ndb5 d6 7. Bg5 a6 8. Na3 b5 9. Nd5 Be7 10. Bxf6 Bxf6 11. c3 Be6 12. Nc2 Bg5 13. a4 Rb8 14. axb5 axb5 15. Be2 O-O 16. O-O Na5 17. Ncb4 Bxd5 18. Qxd5 Rc8 19. Rfd1 Nc4 20. Qxb5 Nxb2 21. Rdb1 Rc5 22. Qa6 Bd2 23. Nd5 Qb8 24. Qa2 Rxd5 25. Rxb2 1-0

[Event "Asian Academies Hybrid Chess-ch 2021"]
[Site "Tornelo"]
[Date "2021.11.21"]
[Round "7.4"]
[White "Kazi Afsan Rawnak, Anan"]
[Black "Husam Al-Dain Abdulhakim Nashe"]
[Result "1-0"]
[ECO "B01"]
[WhiteElo "1410"]
[BlackElo "1342"]
[Annotator "NA RC"]
[PlyCount "57"]
[EventDate "2021.11.21"]
[EventCountry "NET"]
[SourceTitle "playchess.com"]
[Source "ChessBase"]
[SourceQuality "1"]
[TimeControl "3600+30"]

1. e4 d5 2. exd5 Qxd5 3. Nc3 Qa5 4. d4 c6 5. Bd2 Qc7 6. Bd3 Nf6 7. Nf3 Bg4 8. h3 Bh5 9. Qe2 e6 10. g4 Bg6 11. Ne5 Bxd3 12. Qxd3 Nbd7 13. f4 Bd6 14. Ne4 Nxe4 15. Qxe4 Nf6 16. Qd3 O-O-O 17. O-O-O Nd5 18. c4 Nb4 19. Qb3 Na6 20. Be3 Rhe8 21. c5 Bxe5 22. fxe5 Qe7 23. g5 Nc7 24. Rhf1 Rf8 25. Rd2 Nd5 26. Rdf2 Qe8 27. h4 Ne7 28. Rxf7 Ng6 29. Qxb7# 1-0